 Dungeon Crawl Stone Soup version 0.17.1-2-g5865329 (webtiles) character file.

245 Mysteryquy the Ruffian (level 5, 0/42 HPs)
             Began as a Draconian Transmuter on Feb 10, 2016.
             Was a Follower of Vehumet.
             Succumbed to a scorpion's poison
             ... on level 4 of the Dungeon.
             The game lasted 00:07:43 (3884 turns).

Mysteryquy the Ruffian (Draconian Transmuter)       Turns: 3884, Time: 00:07:43

Health: 0/42       AC:  5    Str: 14    XL:     5   Next: 84%
Magic:  8/8        EV: 13    Int: 13    God:    Vehumet [*.....]
Gold:   98         SH:  0    Dex: 11    Spells: 3 memorised, 4 levels left

rFire  + . .     SeeInvis .       - Unarmed
rCold  . . .     Clarity  .     (armour unavailable)
rNeg   . . .     SustAt   .     (no shield)
rPois  .         Gourm    .     (helmet restricted)
rElec  .         Spirit   .     (no cloak)
rCorr  .         Warding  .     (no gloves)
rMut   .         Stasis   .     (no boots)
MR     +....                    (no amulet)
Stlth  +.........               (no ring)
                                (no ring)

@: lethally poisoned (0 -> -3), somewhat resistant to hostile enchantments, very
unstealthy
A: unfitting armour, fire resistance 1, magic resistance 1, cold-blooded, AC +5
a: Renounce Religion


You were on level 4 of the Dungeon.
You worshipped Vehumet.
Vehumet was aware of your devotion.
You were hungry.

You visited 1 branch of the dungeon, and saw 4 of its levels.

You collected 98 gold pieces.

Inventory:

Missiles
 a - 12 arrows
 f - 12 arrows of frost
Jewellery
 i - a cursed ring of teleportation {unknown}
 n - an uncursed ring of ice {unknown}
 o - a +4 ring of evasion {unknown}
Scrolls
 e - 3 scrolls of identify
 g - a scroll of magic mapping
 j - a scroll of recharging
Potions
 h - 2 potions of agility
Books
 b - a book of Changes

   Spells                             Type                      Level
   a - Beastly Appendage              Transmutation                1
   b - Sticks to Snakes               Transmutation                2
   c - Spider Form                    Transmutation/Poison         3
   d - Ice Form                       Ice/Transmutation            4
   e - Blade Hands                    Transmutation                5
Comestibles
 c - 4 bread rations
 k - 4 meat rations
 l - 4 beef jerkies
 q - 2 fruits


   Skills:
 + Level 2.3 Fighting
 + Level 3.9 Dodging
 + Level 4.1 Unarmed Combat
 + Level 2.5 Spellcasting
 + Level 2.6 Transmutations


You had 4 spell levels left.
You knew the following spells:

 Your Spells              Type           Power        Failure   Level  Hunger
a - Beastly Appendage     Trmt           #.....       10%         1    #......
b - Magic Dart            Conj           #...         24%         1    #......
c - Spider Form           Trmt/Pois      #.........   52%         3    ###....


Dungeon Overview and Level Annotations

Branches:
Dungeon (4/15)
 Temple: D:4-7

Altars:
Ashenzari
Gozag
Nemelex Xobeh
Qazlal
Sif Muna
Vehumet


Innate Abilities, Weirdness & Mutations

Your plain brown scales are hard (AC +5).
Your body does not fit into most forms of armour.
You are cold-blooded and may be slowed by cold attacks.
Your flesh is heat resistant.
You are resistant to hostile enchantments.


Message History

* * * LOW HITPOINT WARNING * * *
You feel sick.
Found a potion of agility.
Found a stone staircase leading down.
* * * LOW HITPOINT WARNING * * *
You feel sick.
Your magical contamination has completely faded away.
A worm comes into view.
* * * LOW HITPOINT WARNING * * *
You feel sick.
* * * LOW HITPOINT WARNING * * *
You feel sick.
Found a scroll of identify.
* * * LOW HITPOINT WARNING * * *
You feel sick.
You are feeling hungry.
* * * LOW HITPOINT WARNING * * *
You feel sick.
* * * LOW HITPOINT WARNING * * *
You feel sick.
You die...

##....###
#?###..!>...###
#.............#
#.#.#.......#.#
#.#
.....#....###.#
#.#
...........##.#
#.#
##....##.#.##.#
#.# ##.#.
#.#.##.# #.#
#.#. #@#.##†#
#.# # #.
#.#.##.###.#
..# #....<#
#### #######


There were no monsters in sight!

Vanquished Creatures
  A scorpion (D:4)
  Robin (D:2)
  4 gnolls (D:2)
  6 adders
  An ooze (D:1)
  2 worms (D:2)
  4 giant geckos
  7 orcs (D:3)
  7 bats
  11 hobgoblins
  3 jackals (D:3)
  2 ball pythons
  5 giant cockroaches
  4 giant newts
  9 goblins
  7 kobolds
  3 quokkas (D:2)
  6 rats
83 creatures vanquished.

Notes
Turn   | Place    | Note
--------------------------------------------------------------
     0 | D:1      | Mysteryquy the Draconian Transmuter began the quest for the Orb.
     0 | D:1      | Reached XP level 1. HP: 16/16 MP: 3/3
   132 | D:1      | Reached XP level 2. HP: 23/23 MP: 5/5
   893 | D:2      | Reached XP level 3. HP: 26/28 MP: 6/6
  1114 | D:2      | Reached XP level 4. HP: 11/36 MP: 7/7
  1355 | D:2      | You fall through a shaft!
  1789 | D:3      | Found a deep blue altar of Sif Muna.
  1814 | D:3      | Found a radiant altar of Vehumet.
  1838 | D:3      | Became a worshipper of Vehumet
  2022 | D:2      | Found a shattered altar of Ashenzari.
  2026 | D:2      | Found a stormy altar of Qazlal.
  2206 | D:2      | Found a sparkling altar of Nemelex Xobeh.
  2223 | D:2      | Reached XP level 5. HP: 22/41 MP: 6/8
  2611 | D:2      | Noticed Robin
  2643 | D:2      | Gained mutation: Your flesh is heat resistant. [potion of mutation]
  2643 | D:2      | Gained mutation: You are resistant to hostile enchantments. [potion of mutation]
  2726 | D:2      | Killed Robin
  2726 | D:2      | Reached * piety under Vehumet
  2726 | D:2      | Offered knowledge of Magic Dart by Vehumet.
  3004 | D:3      | Learned a level 1 spell: Magic Dart
  3010 | D:3      | Learned a level 3 spell: Spider Form
  3201 | D:3      | Found an opulent altar of Gozag.
  3866 | D:4      | Reached skill level 4 in Unarmed Combat
  3878 | D:4      | HP: 2/42 [poisoned by a scorpion]
  3884 | D:4      | Succumbed to a scorpion's poison

Action                   |  1- 3 |  4- 6 || total
-------------------------+-------+-------++-------
Melee: Unarmed           |   118 |   254 ||   372
 Cast: Beastly Appendage |     2 |    10 ||    12
       Magic Dart        |       |    11 ||    11
  Use: Scroll            |     3 |     5 ||     8
       Potion            |     3 |     4 ||     7
 Stab: Sleeping          |       |     1 ||     1
  Eat: Chunk             |     1 |     9 ||    10
